 Dungeon Crawl Stone Soup version 0.30.1-4-g462c640d31 (webtiles) character file.

Game seed: 2205419991977763597

17677 boopmooplesden the Severer (level 12, 0/113 HPs)
             Began as a Minotaur Fighter on Aug 10, 2023.
             Was a High Priest of Trog.
             Slain by a gargoyle
             ... wielding a +0 mace
              (12 damage)
             ... on level 12 of the Dungeon.
             The game lasted 00:15:31 (11444 turns).

boopmooplesden the Severer (Minotaur Fighter)      Turns: 11444, Time: 00:15:32

Health: 0/113      AC: 19    Str: 26    XL:     12   Next: 21%
Magic:  11/11      EV:  8    Int:  5    God:    Trog [*****.]
Gold:   724        SH:  5    Dex: 10    Spells: 11/11 levels left

rFire   . . .        a - +1 war axe (freeze)
rCold   . . .        c - +0 buckler
rNeg    . . .        l - +1 plate armour
rPois   .            (helmet restricted)
rElec   .            (no cloak)
rCorr   .            j - +0 pair of gloves
SInv    .            C - +0 pair of boots
Will    .....        (no amulet) Stlth
                     o - ring of flight
HPRegen 0.38/turn    (no ring)
MPRegen 0.12/turn

%: no passive effects
@: marked, on berserk cooldown, flying, slowed, very slow
A: horns 2, retaliatory headbutt
a: Renounce Religion, Berserk, Trog's Hand, Brothers in Arms


You were on level 12 of the Dungeon.
You worshipped Trog.
Trog was extremely pleased with you.
You visited 2 branches of the dungeon, and saw 13 of its levels.
You also visited: Ossuary.

You collected 724 gold pieces.

Inventory:

Hand Weapons
 a - a +1 war axe of freezing (weapon)
 J - a +0 executioner's axe
Missiles
 u - 8 boomerangs (quivered)
Armour
 b - a +0 scale mail
 c - a +0 buckler (worn)
 f - a +0 chain mail
 j - a +0 pair of gloves (worn)
 l - a +1 plate armour (worn)
 C - a +0 pair of boots (worn)
Jewellery
 e - a ring of fire
 g - a ring of magical power
 m - an amulet of magic regeneration
 o - a ring of flight (left hand)
 y - an amulet of faith
 G - a ring of ice
 K - a ring of poison resistance
Wands
 s - a wand of roots (13)
 A - a wand of charming (20)
 I - a wand of flame (2)
Scrolls
 i - a scroll of identify
 w - a scroll of magic mapping
 z - 3 scrolls of fog
 H - 2 scrolls of teleportation
 L - a scroll of silence
Potions
 d - 9 potions of might
 h - a potion of haste {unknown}
 n - 6 potions of curing
 p - 3 potions of attraction
 q - 8 potions of lignification
 r - a potion of invisibility {unknown}
 t - 2 potions of degeneration
 v - a potion of berserk rage
 x - a potion of ambrosia
 B - 5 potions of cancellation
 D - 2 potions of mutation
 E - 6 potions of heal wounds
 F - 2 potions of flight


   Skills:
 + Level 12.4 Fighting
 + Level 15.7 Axes
 + Level 12.1 Armour
 + Level 1.6 Dodging
 + Level 1.2 Stealth
 + Level 8.1 Shields


You had 11 spell levels left.
You didn't know any spells.
Your spell library contained the following spells:

 Spells                   Type           Power      Damage    Failure   Level
 Magic Dart               Conj           0%         1d3       99%         1
 Call Imp                 Summ           0%         N/A       100%        2
 Static Discharge         Conj/Air       0%         2-2/arc   100%        2
 Mephitic Cloud           Conj/Pois/Air  0%         N/A       100%        3
 Airstrike                Air            0%         2d(0-16)  100%        4
 Summon Lightning Spire   Summ/Air       0%         N/A       100%        4


Dungeon Overview and Level Annotations

Branches:
Dungeon (12/15)            Temple (1/1) D:4            Lair (0/5) D:9
    Orc (0/2) D:11        Ossuary (visited)

Altars:
Dithmenos
Gozag
Kikubaaqudgha
Makhleb
Nemelex Xobeh
Okawaru
Ru
Trog
Uskayaw
Yredelemnul
Zin
The Shining One

Shops:
D:2 *   D:6 *   D:10 [

Portals:
Trove: D:10 (give 18 potions of curing)


Innate Abilities, Weirdness & Mutations

You have a pair of horns on your head.
You reflexively headbutt those who attack you in melee.


Message History

The stone arrow hits you!
You slice the gargoyle!! You freeze the gargoyle.
You destroy the gargoyle!
Trog accepts your kill.
You slash the slime creature! You freeze the slime creature.
You are no longer berserk.
You are exhausted.
You feel yourself slow down.
The howler monkey hoots and howls with incredible vigour!
You see here a +0 mace.
You hit the slime creature but do no damage.
The slime creature is lightly wounded.
The slime creature hits you.
You slash the slime creature! You freeze the slime creature!
You headbutt the slime creature!
The slime creature is severely wounded.
You hit the gargoyle. You freeze the gargoyle. The slime creature hits you!
* * * LOW HITPOINT WARNING * * *
The gargoyle hurls a stone arrow at you.
The stone arrow hits you!!
* * * LOW HITPOINT WARNING * * *
You slash the gargoyle! You freeze the gargoyle.
Your headbutt misses the gargoyle.
The gargoyle is heavily damaged.
You slice the slime creature!! You freeze the slime creature.
You kill the slime creature!
Trog accepts your kill. Trog grants you a weapon!
Something appears at your feet!
You see here a +2 heavy broad axe.
You barely miss the howler monkey. The gargoyle hits you with a +0 mace.
* * * LOW HITPOINT WARNING * * *
The howler monkey barely misses you. You furiously retaliate!
You headbutt the howler monkey!
Unknown command.
You feel much better. The howler monkey hits you.
* * * LOW HITPOINT WARNING * * *
The gargoyle hits you with a +0 mace.
* * * LOW HITPOINT WARNING * * *
The howler monkey closely misses you. The gargoyle hits you with a +0 mace!
You die...

.. ##.......###.....##
##........ ..##......##
##.#...###.........
..........##
#..##..........##.
.#........#
#..###........####
.....#c...# ##.####......## #
....###...## ##..###......# #
.[## #....# ##.......#....#
#..####....####9..#...####..#
.....:.....$.))@##...# #..#
.)......###...h##..#. ##.#
.######.......)†..# #..
#......##)### #.. #....######
... #.....# ......# ###...#
##


You could see a gargoyle and a howler monkey.

Vanquished Creatures
  5 two-headed ogres
  A cyclops (D:12)
  4 manticores
  A gargoyle (D:12)
  2 unseen horrors
  3 trolls
  A hornet (D:9)
  A slime creature (D:12)
  2 wraiths
  3 shadows
  A wyvern (D:9)
  15 yaks
  Eustachio (D:4)
  8 vampire mosquitoes
  2 steam dragons (D:7)
  2 wargs (D:9)
  3 water moccasins
  4 orc warriors
  3 ice beasts
  A sky beast (D:7)
  7 ogres
  7 centaurs
  3 phantoms (D:5)
  5 kobold brigands
  An elf zombie (D:6)
  A bullfrog (D:7)
  4 gnoll sergeants (D:11)
  2 elf skeletons (D:6)
  3 scorpions
  24 wights
  13 killer bees
  2 howler monkeys
  A centaur zombie (Ossuary)
  2 hounds (D:5)
  5 orc priests
  2 human skeletons (D:6)
  5 human zombies
  Jessica (D:2)
  5 iguanas
  3 sleepcaps
  11 orc wizards
  2 mummies (Ossuary)
  4 gnolls (D:11)
  5 adders
  2 white imps
  An ufetubus (D:7)
  An adder zombie (Ossuary)
  2 worms (D:2)
  2 dart slugs
  32 orcs
  4 bats
  2 endoplasms
  6 giant cockroaches
  10 goblins
  8 hobgoblins
  4 jackals (D:2)
  3 quokkas
  11 ball pythons
  2 frilled lizards (D:1)
  A goblin zombie (Ossuary)
  9 hobgoblin zombies (Ossuary)
  2 jackal zombies (Ossuary)
  14 kobolds
  10 kobold zombies (Ossuary)
  6 orc zombies (Ossuary)
  6 rats
  3 rat zombies (Ossuary)
322 creatures vanquished.

Vanquished Creatures (others)
  An orc (D:7)
1 creature vanquished.

Grand Total: 323 creatures vanquished

Notes
Turn   | Place    | Note
-------+----------+-------------------------------------------
     0 | D:1      | boopmooplesden the Minotaur Fighter began the quest for the
                  | Orb.
     0 | D:1      | Reached XP level 1. HP: 19/19 MP: 0/0
   182 | D:1      | Reached XP level 2. HP: 26/27 MP: 1/1
   792 | D:1      | Reached XP level 3. HP: 33/33 MP: 2/2
   870 | D:2      | Found Joenoxti's Assorted Antiques.
  1049 | D:2      | Reached skill level 3 in Axes
  1180 | D:2      | Noticed Jessica
  1183 | D:2      | Killed Jessica
  1184 | D:2      | Reached XP level 4. HP: 40/40 MP: 3/3
  1646 | D:3      | Found an opulent altar of Gozag.
  1707 | D:3      | Noticed a scorpion
  1713 | D:3      | Killed a scorpion
  1714 | D:3      | Reached skill level 4 in Axes
  1714 | D:3      | Reached XP level 5. HP: 47/47 MP: 4/4
  1906 | D:4      | Found a staircase to the Ecumenical Temple.
  1923 | D:4      | Reached skill level 5 in Axes
  1923 | D:4      | Reached XP level 6. HP: 16/55 MP: 5/5
  1926 | D:4      | Reached skill level 5 in Fighting
  1926 | D:4      | Reached skill level 5 in Armour
  2149 | D:4      | Reached skill level 6 in Axes
  2158 | Temple   | Entered the Ecumenical Temple
  2169 | Temple   | Became a worshipper of Trog the Wrathful
  2347 | D:4      | Found a sparkling altar of Nemelex Xobeh.
  2347 | D:4      | Found an iron altar of Okawaru.
  2381 | D:4      | Reached XP level 7. HP: 58/62 MP: 6/6
  2439 | D:4      | Noticed Eustachio
  2442 | D:4      | Killed Eustachio
  2555 | D:4      | Reached skill level 7 in Axes
  3002 | D:5      | Entered Level 5 of the Dungeon
  3175 | D:5      | Reached XP level 8. HP: 55/70 MP: 7/7
  3192 | D:5      | Reached skill level 5 in Shields
  3198 | D:5      | Reached * piety under Trog
  3204 | D:5      | Reached skill level 8 in Axes
  3204 | D:5      | Reached skill level 1 in Dodging
  3483 | D:5      | You fall into a shaft and drop 2 floors!
  3497 | D:7      | Reached skill level 9 in Axes
  3959 | D:7      | Reached XP level 9. HP: 66/79 MP: 8/8
  4055 | D:7      | Reached skill level 10 in Axes
  4736 | D:6      | Found a sand-covered staircase.
  4776 | Ossuary  | Entered an ossuary
  4788 | Ossuary  | Reached ** piety under Trog
  4885 | Ossuary  | Reached skill level 11 in Axes
  4958 | Ossuary  | Reached *** piety under Trog
  5093 | D:6      | Found Hamunta's Assorted Antiques.
  6344 | D:5      | Reached skill level 12 in Axes
  6582 | D:8      | Noticed a troll
  6651 | D:8      | Reached skill level 1 in Stealth
  6651 | D:8      | Reached XP level 10. HP: 20/90 MP: 9/9
  6865 | D:8      | Found a bloodstained altar of Trog.
  7134 | D:8      | Reached **** piety under Trog
  7206 | D:8      | Reached skill level 13 in Axes
  7839 | D:9      | Noticed a two-headed ogre
  7850 | D:9      | Killed a two-headed ogre
  7945 | D:9      | Reached skill level 10 in Fighting
  7974 | D:9      | Found a staircase to the Lair.
  8140 | D:9      | Paralysed by a hornet for 1 turns
  8209 | D:9      | Reached skill level 10 in Armour
  8286 | D:9      | Reached XP level 11. HP: 89/101 MP: 10/10
  8396 | D:9      | Reached skill level 14 in Axes
  8863 | D:10     | Entered Level 10 of the Dungeon
  8964 | D:10     | Reached ***** piety under Trog
  9230 | D:10     | Found a portal to a secret trove of treasure.
  9353 | D:10     | Found Wifymmiu's Armour Shoppe.
  9776 | D:11     | Noticed a two-headed ogre
  9784 | D:11     | Killed a two-headed ogre
  9952 | D:11     | Noticed a two-headed ogre
  9970 | D:12     | Noticed a two-headed ogre
  9978 | D:11     | Killed a two-headed ogre
 10195 | D:11     | Noticed a two-headed ogre
 10203 | D:11     | Killed a two-headed ogre
 10812 | D:11     | Found a staircase to the Orcish Mines.
 10851 | D:11     | Reached skill level 15 in Axes
 11090 | D:12     | Reached XP level 12. HP: 78/112 MP: 11/11
 11431 | D:12     | Killed a two-headed ogre
 11442 | D:12     | HP: 5/113 [gargoyle/stone arrow (26)]
 11443 | D:12     | Received a gift from Trog
 11443 | D:12     | HP: 1/113 [gargoyle/+0 mace (5)]
 11444 | D:12     | Slain by a gargoyle

Illustrated notes

Levels and vault maps discovered:
D:1:      amcnicky_arrival_feature_with_door, layout_loops_corners
D:2:      minmay_chambers_of_ones, layout_rooms, serial_shops,
          nicolae_shop_waterfront, minmay_octomino_c4, uniq_jessica
D:3:      layout_rooms, lemuel_round_altar, minmay_quantized
D:4:      layout_loops_ring, jmf_multi_god_temple, temple_fountains,
          uniq_eustachio
D:5:      layout_basic
D:6:      layout_gridville, serial_shops, nicolae_shop_stone,
          nicolae_ossuary_entry_catacombs, patterned_corridor
D:7:      layout_cave_pods, nicolae_fountain_basement
D:8:      layout_cave_pools, minmay_ruined_shrine
D:9:      layout_roguey, erik_lair_orcish_takeover, serial_corexii_hall,
          corexii_hall_statues_i, corexii_hall_statues_i,
          chequers_hall_statues_wall_a, corexii_hall_statues_i
D:10:     layout_loops_ring, serial_shops, nicolae_shop_real_fake_doors,
          nicolae_trove_entry_isolated
D:11:     layout_roguey, kennysheep_orc_monster_closet_entryway
D:12:     layout_layer_cave
Temple:   hellmonk_temple_of_storms

Skill      XL: |  1  2  3  4  5  6  7  8  9 10 11 12 |
---------------+-------------------------------------+-----
Armour         | 4 5 6 7 8 10 11 12 | 12.1
Shields        | 4 5 6 7 8 |  8.1
Fighting       | 4 5 6 7 8 10 12 | 12.4
Axes           | 3 4 5 6 7 9 12 13 15 | 15.7
Dodging        | 1 |  1.6
Stealth        | 1 |  1.2

Action                     |  1- 3 |  4- 6 |  7- 9 | 10-12 || total
---------------------------+-------+-------+-------+-------++-------
  Melee: War axe           |    72 |    90 |   348 |   395 ||   905
         Headbutt          |     9 |    11 |    84 |    77 ||   181
 Invoke: Berserk           |       |       |     1 |     6 ||     7
    Use: Scroll            |     2 |     3 |     7 |    12 ||    24
         Potion            |       |       |     2 |     1 ||     3
 Armour: Scale mail        |    28 |       |       |       ||    28
         Plate armour      |    10 |    63 |   174 |   237 ||   484
  Dodge: Dodged            |    19 |    34 |   103 |   125 ||   281
  Block: Buckler           |    16 |    17 |    63 |    81 ||   177
